AoeStats
← Yoichi Isagi

Arabia

504202932Analyzed
1v1 RM · 27d ago on Sep 4, 2026· 32m 18s· 2 players
Game mode
Random Map
Map size
Tiny (2 player)
Population
200
Speed
Normal
Resources
Standard
Victory
Conquest
Starting age
Dark Age
Ending age
Imperial Age
RankedLock teamsTeams togetherTeam positionsShared explorationLock speedFull tech treeHidden civsTurbo modeCheats
Victory
Defeat
🇦🇺 Goths · Australia
837
+16
🇮🇹 Lithuanians · Italy
842
-16
Danzie_Dee
3:27 Loom
11:25 Feudal Age
12:31 Double-Bit Axe
12:13 Man-at-Arms
15:48 Fletching
15:58 Padded Archer Armor
22:24 Forging
24:42 Castle Age
24:40 Scale Mail Armor
25:19 Crossbowman
28:50 Pikeman
31:52 Squires
Yoichi Isagi
8:05 Loom
12:13 Feudal Age
16:46 Castle Age
21:22 Double-Bit Axe
30:30 Husbandry
Connection lost

Rejoining the realm…

Still unreachable

The connection could not be restored.

Session expired

The server has moved on; the page needs a fresh start.